[Event "Caplin Hastings Masters 2023-24"]
[Site "Hastings"]
[Date "2024.01.01"]
[Round "5.6"]
[White "Grutter, Tim"]
[Black "Jacobson, Brandon"]
[Result "0-1"]
[ECO "C47"]
[WhiteElo "2342"]
[BlackElo "2538"]
[Annotator "TA"]
[PlyCount "166"]
[EventDate "2023.12.18"]
[EventType "swiss"]
[EventCountry "ENG"]
[SourceTitle "playchess.com"]
[Source "ChessBase"]
[SourceQuality "1"]
[TimeControl "40/6000+30:3000+30"]

1. e4 e5 2. Nf3 Nc6 3. Nc3 Nf6 4. h3 Bb4 5. Nd5 Bc5 6. c3 {[%emt 0:00:58] C47: Scotch Four Knights and Four Knights with 4 g3.} O-O 7. d3 {[%emt 0:03:03] [#]} a5 $146 ({Predecessor:} 7... h6 8. b4 Bb6 9. Nxf6+ Qxf6 10. g4 d5 11. exd5 Ne7 12. g5 hxg5 13. Bxg5 Qd6 14. Bxe7 Qxe7 {1-0 Shimanov,A (2581)-Mamedyarov,S (2738) ChessKid Cup Play In blitz 2023 (2)}) 8. Bg5 {[%emt 0:04:34] And now Bxf6 would win. The position is equal.} Be7 9. Nxe7+ Qxe7 10. Nh4 Qe6 (10... h6 $5 11. Nf5 Qe6 $11) 11. Qf3 Ne8 12. Be2 f6 13. Be3 Ne7 14. O-O d5 15. Bc5 Nd6 {[%emt 0:00:43] [#]} 16. Nf5 $1 Nexf5 (16... dxe4 17. Nxe7+) 17. exf5 Qxf5 18. Bxd6 cxd6 19. Qxd5+ Qe6 20. Bf3 Rd8 21. d4 Qxd5 22. Bxd5+ Kf8 $1 23. Rad1 Ke7 24. Rd2 Rb8 25. f4 exf4 26. Re2+ Kf8 27. Rxf4 b5 28. Be4 Re8 29. Rff2 h6 30. Bg6 {[%emt 0:05:45][%csl Gg6][%cal Re2e8] [#]} Re6 31. a3 Bd7 32. Rxe6 Bxe6 $11 {[%emt 0:00:02][%mdl 4096] Endgame KRB-KRB} 33. Re2 Bc4 34. Re3 Rc8 35. Kf2 Bf7 36. Bd3 Rb8 37. Re1 g5 38. Rc1 Bc4 39. Ke3 Kf7 40. Kd2 a4 41. Be4 h5 42. Re1 h4 43. Re3 Rg8 44. Bf5 Bd5 45. Ke1 Rb8 46. Kf2 Rb7 47. g3 hxg3+ 48. Kxg3 Rb8 49. Re1 Bc4 50. Re3 Rh8 51. Bd7 Rd8 52. Bf5 Bd5 53. Bd3 Bc6 54. c4 bxc4 (54... Rb8 $5 ) 55. Bxc4+ d5 56. Ba2 (56. Be2 $5 ) 56... Rb8 57. b3 f5 {[%emt 0:00:31] Threatens to win with ...f4+.} 58. Rc3 Bd7 59. bxa4 f4+ 60. Kf3 Bxh3 61. Bxd5+ Ke7 62. Ke4 Bg2+ 63. Ke5 Bxd5 64. Kxd5 {[%emt 0:00:04] KR-KR} g4 {[%emt 0:00:46] Strongly threatening ...f3.} 65. Rc7+ Kf6 66. Ke4 f3 (66... Rd8 $5 ) 67. Kf4 $1 Rb1 {[%emt 0:01:01] ( -> ...f2)} (67... f2 $5 68. Rc1 $8 Rd8 $11) 68. Kg3 $2 (68. Kxg4 f2 69. Rc8 Ke7 70. Rc7+ Kd6 71. Rf7 f1=Q 72. Rxf1 Rxf1 73. Kg5 Kd5 74. a5 Kxd4 75. a6 Ra1 76. Kg4 Rxa3 77. Kf4 Rxa6 78. Kf5 Rb6 79. Kf4 Rf6+ 80. Kg5 Ke5 81. Kg4 Rf7 82. Kg3 Ke4 83. Kg4 Rg7+ 84. Kh5 Kf5 85. Kh4 Rg6 86. Kh3 Kf4 87. Kh2 Kf3 88. Kh1 Kf2 89. Kh2 Rh6#) (68. Rc2 $11) 68... Rg1+ $19 69. Kf2 Rg2+ 70. Kf1 g3 71. Rc8 Rf2+ 72. Kg1 Rg2+ 73. Kf1 Kf5 74. Rf8+ Ke4 75. Re8+ Kd3 76. Rf8 Ke3 ({And not} 76... Kxd4 77. Rxf3 Ra2 78. Rxg3 $11) 77. Re8+ Kd2 78. Rg8 Rf2+ 79. Kg1 {[%emt 0:00:02] Now White is beyond hope.} Ke2 {[%emt 0:00:26][%csl Ge2][%cal Rf2f1] Black mates.} 80. Rxg3 Rf1+ 81. Kh2 f2 82. Rg8 Ra1 83. Re8+ Kd3 {[%emt 0:00:04] Weighted Error Value: White=0.05 (flawless) /Black=0.05 (flawless)} 0-1

[Event "Caplin Hastings Masters 2023-24"]
[Site "Hastings"]
[Date "2024.01.01"]
[Round "5.7"]
[White "Vestby-Ellingsen, Mads"]
[Black "Ghasi, Ameet K"]
[Result "1/2-1/2"]
[ECO "E94"]
[WhiteElo "2329"]
[BlackElo "2509"]
[Annotator "TA"]
[PlyCount "125"]
[EventDate "2023.12.18"]
[EventType "swiss"]
[EventCountry "ENG"]
[SourceTitle "playchess.com"]
[Source "ChessBase"]
[SourceQuality "1"]
[TimeControl "40/6000+30:3000+30"]

1. d4 Nf6 2. c4 g6 3. Nc3 Bg7 4. e4 d6 5. Nf3 O-O 6. Be2 Nbd7 7. O-O e5 8. Qc2 c6 9. Rd1 Qe7 10. d5 c5 11. g3 Kh8 {[%emt 0:11:20] E94: King's Indian: Classical: 6 Be2 e5 7 0-0: Various Black 7th moves.} 12. Bg5 h6 13. Bd2 Ng8 {[%emt 0:01:31] White is better.} 14. a3 {[%emt 0:03:10] [#]} a5 $146 ({Predecessor:} 14... a6 15. Bd3 f6 16. Nh4 Qf7 17. f4 Ne7 18. f5 g5 19. Ng2 Rd8 20. Be2 Nf8 {1-0 Cvitan,O (2435)-Begic,D (2017) Split op 12th 2023 (3)}) 15. Nb5 a4 16. b4 {[%emt 0:04:07] White has more active pieces.} axb3 17. Qxb3 Ndf6 18. Qc2 Bg4 19. Bc3 Nh5 20. a4 Ngf6 21. a5 Ra6 22. Ne1 Bc8 23. Ng2 Bh3 24. Rdb1 Rfa8 25. Ne3 Kg8 26. Bf3 Qd7 27. Ra3 Qd8 28. Raa1 (28. Bd2 {keeps more tension.} b6 29. axb6 Rxa3 30. b7) 28... Qd7 29. Na3 Bf8 30. Ra2 Qc7 31. Rab2 Bc8 32. Qe2 Qd7 33. Bd2 Be7 34. Ng2 (34. Nec2 $16) 34... Kh7 35. Qe3 Bf8 36. Nc2 (36. Ne1 $16) 36... Qh3 $14 37. Qe2 Ng4 38. Bxg4 Bxg4 39. f3 Bc8 40. g4 Nf6 41. Rb3 Kg8 42. Nce1 {[%emt 0:01:48] Nd3 would be deadly.} h5 $1 43. g5 $1 Nh7 44. f4 (44. Qf2 {simplifies} Qd7 45. h4 Qe7 46. Bc3) 44... Qg4 45. Qxg4 (45. Qf3 {is more complex.} exf4 46. h4 Bg7 47. Qxf4 Bd4+ 48. Kh1) 45... hxg4 46. fxe5 dxe5 47. Nd3 Rxa5 48. Bxa5 ({Reject} 48. Nxe5 Ra2 49. Bf4 Be7 $17) 48... Rxa5 49. Rb5 (49. Ne3 $11) 49... Ra3 (49... Ra2 $5 ) 50. Nxc5 (50. Nf2 $15) 50... Nxg5 $17 ({Of course not} 50... b6 $6 51. Nb3 $11 (51. Rxb6 $2 {too greedy.} Bxc5+ 52. Kf1 Bxb6 $19)) 51. Nb3 {[%emt 0:06:21] Inhibits b6.} (51. Ne1 $17 {was called for.}) 51... Nxe4 $19 {[%emt 0:00:33] White must now prevent ...Nc3.} 52. Ra5 {[%emt 0:03:23] [#]} Rxa5 53. Nxa5 Bc5+ 54. Kh1 Nf2+ 55. Kg1 {[%emt 0:00:07][%cal Oa5b3] [#]} Ne4+ (55... b6 $142 $1 56. Nb3 Bf5 57. Nxc5 Nh3+ 58. Kf1 Bxb1) 56. Kh1 $17 Bf5 $2 (56... b6 $17 57. Nb3 Bf2) 57. Rxb7 $11 Nf2+ 58. Kg1 Bd3 {[%emt 0:00:54] ...Nh3+ is the strong threat. This pair of bishops is nice.} 59. Rb5 (59. Nb3 $11) 59... Nh3+ ({Black should try} 59... Ne4+ $17 60. Kh1 Bd4) 60. Kh1 Nf2+ (60... f5 $11) 61. Kg1 $17 Nh3+ ({Black should play} 61... Ne4+ $17 62. Kh1 Bd4) 62. Kh1 $11 Nf2+ (62... Bf8 $11) 63. Kg1 {[%emt 0:02:47] Weighted Error Value: White=0.24 (precise) /Black=0.21 (precise)} 1/2-1/2

[Event "Caplin Hastings Masters 2023-24"]
[Site "Hastings"]
[Date "2024.01.01"]
[Round "5.8"]
[White "Petrov, Martin"]
[Black "Fischer, Daniel"]
[Result "1/2-1/2"]
[ECO "C54"]
[WhiteElo "2501"]
[BlackElo "2341"]
[Annotator "TA"]
[PlyCount "65"]
[EventDate "2023.12.18"]
[EventType "swiss"]
[EventCountry "ENG"]
[SourceTitle "playchess.com"]
[Source "ChessBase"]
[SourceQuality "1"]
[TimeControl "40/6000+30:3000+30"]

1. e4 e5 2. Nf3 Nc6 3. Bc4 Bc5 4. O-O Nf6 5. d3 d6 6. c3 a6 7. Bg5 {[%emt 0:05:42][%cal Bc1g5,Bg5h4,Bh4g3][%mdl 32] C54: Giuoco Piano: 4 c3 Nf6, main lines with 5 d4 and 5 d3.} h6 8. Bh4 Ba7 9. Nbd2 {[%emt 0:00:07] White has an edge.} g5 {[%emt 0:02:15] 9...Qe7 is more fashionable.} 10. Bg3 Qe7 11. b4 Nd7 12. b5 $1 axb5 13. Bxb5 h5 14. h4 g4 15. Ne1 {[%emt 0:01:19][%cal Bf3e1,Be1c2,Bc2e3,Be3d5][%mdl 32] [#]} Nf8 $146 ({Predecessor:} 15... Nd8 16. d4 exd4 17. cxd4 Bxd4 18. Rc1 Ne6 19. Nc2 Bc5 20. Nb3 O-O 21. Nxc5 Nexc5 {0-1 Garcia Martin,M (2350)-Injac,T (2431) EU-chT (Women) 24th 2023 (8.5)}) 16. Nc2 Bd7 17. Nc4 Ng6 $1 18. N2e3 {[%emt 0:02:06] Wards off f5} O-O (18... Kf8 $5 ) 19. d4 exd4 $15 {[%emt 0:10:12][%mdl 64] [#] Discovered Attack} (19... Nxh4 20. Nd5 Qd8 21. Nxc7 Qxc7 22. Bxh4 $16) 20. Nd5 Qd8 {[%emt 0:00:07] Strongly threatening ...Be6.} (20... Qxe4 $2 21. Nf6+ (21. Nxc7 Nf4 $11) 21... Kg7 22. Nxe4 $18) 21. cxd4 Be6 $1 ({Don't play} 21... Bxd4 22. Bxc6 bxc6 23. Nxc7 (23. Qxd4 cxd5 24. Qxd5 Be6 $17) 23... Bxa1 24. Nxa8 $11) ({Reject} 21... Nxd4 22. Bxd7 c6 23. Nde3 Qxd7 24. Nxd6 $11) (21... Nxh4 22. e5 dxe5 23. dxe5 $16) 22. Bxc6 bxc6 23. Nde3 Nxh4 {[%emt 0:05:11] ...f5 would be deadly.} 24. Na5 $1 Bd7 (24... Bxd4 $2 25. Nxc6 Qg5 26. Bxh4 Qxh4 27. Nxd4 $18) (24... c5 $1 $15 25. d5 Bd7) 25. Rc1 $1 $36 {[%emt 0:00:22][%mdl 2048] Black is under pressure. The position is equal.} Ng6 26. Nxc6 Bxc6 27. Rxc6 {[%emt 0:00:02] Black must now prevent Nd5.} Qe8 $1 28. Rxc7 Qxe4 29. Qc2 Qxc2 30. Rxc2 Bxd4 31. Bxd6 Rfd8 {[%emt 0:02:00] [#] And now ...Bxe3 would win.} 32. Nf5 Bf6 33. Bc7 {[%emt 0:03:22] Dodges Ra5.   Weighted Error Value: White=0.08 (flawless) /Black=0.05 (flawless)} 1/2-1/2

[Event "Caplin Hastings Masters 2023-24"]
[Site "Hastings"]
[Date "2024.01.01"]
[Round "5.9"]
[White "Sulskis, Sarunas"]
[Black "Unuk, Laura"]
[Result "1-0"]
[ECO "B12"]
[WhiteElo "2490"]
[BlackElo "2345"]
[Annotator "TA"]
[PlyCount "80"]
[EventDate "2023.12.18"]
[EventType "swiss"]
[EventCountry "ENG"]
[SourceTitle "playchess.com"]
[Source "ChessBase"]
[SourceQuality "1"]
[TimeControl "40/6000+30:3000+30"]

1. e4 c6 2. d4 d5 3. e5 Bf5 4. h4 h5 5. c4 dxc4 6. Bxc4 e6 7. Nc3 Nd7 8. Nge2 Nb6 9. Bb3 Be7 {[%emt 0:07:00] B12: Caro-Kann: Advance Variation.} 10. Ng3 Bg6 11. Nce4 {[%emt 0:08:08] [#]} Qd7 $146 {[%emt 0:04:14] Black is slightly better.} ({Predecessor:} 11... Nh6 12. Be3 Nf5 13. Nxf5 Bxf5 14. Qf3 Nd5 15. Bd2 Qb6 16. Bc3 Qb5 17. Nd2 Bg4 {1-0 Stojanovic,D (2453)-Simic,A (2308) BIH-chT 21st 2023 (8.3)}) 12. a4 a5 13. O-O Bxh4 14. Nd6+ Kf8 15. Bc2 Bxc2 16. Qxc2 Nc8 17. Nge4 {[%emt 0:07:42] [#] Nc5 would be deadly.} Nxd6 18. exd6 Nf6 19. Bf4 Nxe4 (19... Nd5 {with more complications.} 20. Nc5 Qc8 21. Bh2 Bf6) 20. Qxe4 Bd8 21. Ra3 h4 22. Rc1 Kg8 (22... g5 {keeps more tension.} 23. Be5 f6 24. Rf3 Rh6) 23. Rc5 Bb6 24. Rc4 Ba7 25. Rb3 f6 26. Qg6 Rf8 27. Rb5 {[%emt 0:03:41] [#]} e5 (27... cxb5 28. Rc7 $18) ({Better is} 27... Bxd4 $1 $19 {Hoping for ...e5.} 28. Rb3 e5) 28. dxe5 $17 {[%emt 0:00:23] Black must now prevent e6.} fxe5 (28... cxb5 $2 29. Rc7 $18) (28... h3 $17 {keeps the pressure on. Threatens to win with ...hxg2.} 29. Qg3 (29. Rxa5 hxg2 30. Qxg2 Bb6 $17) 29... Qf7 30. exf6 (30. Rxa5 $2 {loses.} h2+ $19) (30. e6 $2 Qxe6 31. Rc1 cxb5 $19) 30... Bxf2+ 31. Kxf2 Qxf6) 29. Rxe5 $18 (29. Rxa5 $2 {too greedy.} Bxf2+ 30. Kxf2 Rh6 $19) 29... Qf7 {[%emt 0:00:39] Prevents Re7.} 30. Qxf7+ Rxf7 31. Rxa5 (31. Rce4 $142) 31... b6 $2 (31... Bb6 32. Re5 Bd8) 32. Re5 {[%emt 0:02:01] White is clearly winning.} c5 33. Bg5 {[%emt 0:00:36] aiming for Re8+.} Rh5 34. Rxh4 Rxh4 35. Bxh4 {[%emt 0:00:08][%mdl 4096] Endgame KRB-KRB} Rd7 36. Re7 Rxe7 37. Bxe7 {[%emt 0:00:08] White wants to mate with d7.} Kf7 38. Bd8 Ke6 39. Bc7 c4 40. Kf1 Kd5 {[%emt 0:00:19] An entertaining game by Sulskis.   Weighted Error Value: White=0.32/Black=0.51} 1-0

[Event "Caplin Hastings Masters 2023-24"]
[Site "Hastings"]
[Date "2024.01.01"]
[Round "5.10"]
[White "Wadsworth, Matthew J"]
[Black "Waldhausen Gordon, Frederick"]
[Result "0-1"]
[ECO "E04"]
[WhiteElo "2448"]
[BlackElo "2338"]
[Annotator "RC"]
[PlyCount "166"]
[EventDate "2023.12.18"]
[EventType "swiss"]
[EventCountry "ENG"]
[SourceTitle "playchess.com"]
[Source "ChessBase"]
[SourceQuality "1"]
[TimeControl "40/6000+30:3000+30"]

1. d4 Nf6 2. c4 e6 3. Nf3 d5 4. g3 dxc4 5. Bg2 c5 6. O-O Nc6 7. Ne5 Bd7 8. Na3 Rc8 9. Naxc4 cxd4 10. Qb3 Nxe5 11. Nxe5 Bc6 12. Bxc6+ bxc6 13. Qa4 Qd5 14. Bf4 Bd6 15. Nf3 e5 16. Bg5 Ne4 17. Rad1 Nc5 18. Qc2 O-O 19. Bc1 f5 20. Nd2 Rf6 21. b3 Ne4 22. Nc4 Nc3 23. Rde1 Bc5 24. e3 Ne4 25. f3 Ng5 26. exd4 Bxd4+ 27. Kg2 Nf7 28. Rd1 Nd6 29. Nxd6 Qxd6 30. Bb2 c5 31. Rfe1 Rc6 32. Qe2 Qd5 33. Qb5 a6 34. Qe2 Rfe6 35. Rd2 e4 36. Red1 Rcd6 37. b4 Qc6 38. bxc5 Bxc5 39. fxe4 Rxe4 40. Qf3 Rde6 41. Rd8+ Bf8 42. Bd4 g6 43. Bf2 Kf7 44. R1d7+ Be7 45. Ra7 Kg7 46. Rdd7 Kf8 47. Rac7 Qb5 48. Qc3 Qe5 49. Qxe5 R4xe5 50. Rc8+ Kf7 51. Rh8 Kg7 52. Re8 Re2 53. Kf1 Kf6 54. Rh8 Kg7 55. Ra8 Kh6 56. a4 Kg5 57. h3 h5 58. Rc8 R2e4 59. Rcc7 h4 60. gxh4+ Kh5 61. Kg2 Bxh4 62. Rh7+ Kg5 63. Bxh4+ Rxh4 64. Rxh4 Kxh4 65. Rc4+ Kh5 66. Kf3 g5 67. Rc8 Re4 68. Rh8+ Kg6 69. Rg8+ Kh6 70. Rf8 Rf4+ 71. Kg3 Kg7 72. Rc8 Rxa4 73. Rc6 Ra3+ 74. Kg2 a5 75. Ra6 a4 76. Kh2 f4 77. Kg2 Kf7 78. Kh2 Ra2+ 79. Kg1 a3 80. Kf1 f3 81. Kg1 Rg2+ 82. Kh1 a2 83. h4 Rb2 0-1

[Event "Caplin Hastings Masters 2023-24"]
[Site "Hastings"]
[Date "2024.01.01"]
[Round "5.11"]
[White "Gallagher, Joseph G."]
[Black "Nielsen, Andre"]
[Result "1/2-1/2"]
[ECO "C48"]
[WhiteElo "2427"]
[BlackElo "2239"]
[Annotator "RC"]
[PlyCount "126"]
[EventDate "2023.12.18"]
[EventType "swiss"]
[EventCountry "ENG"]
[SourceTitle "playchess.com"]
[Source "ChessBase"]
[SourceQuality "1"]
[TimeControl "40/6000+30:3000+30"]

1. e4 e5 2. Nf3 Nc6 3. Nc3 Nf6 4. Bb5 Nd4 5. O-O c6 6. Bd3 Nxf3+ 7. Qxf3 d6 8. Re1 Be7 9. Be2 O-O 10. d3 Be6 11. Qg3 Ne8 12. Bg4 f5 13. exf5 Bxf5 14. Bxf5 Rxf5 15. Qh3 g6 16. Ne4 Ng7 17. d4 exd4 18. Qb3+ d5 19. Ng3 Rf7 20. Qxb7 Qc8 21. Qb3 Rb8 22. Qd3 c5 23. c4 Qa6 24. b3 dxc4 25. bxc4 Rb4 26. Ne4 Qxc4 27. Qg3 Qd5 28. Bg5 Bxg5 29. Nxg5 Rf5 30. h4 h6 31. Ne4 Kh7 32. h5 Nxh5 33. Qc7+ Rf7 34. Qxc5 Qxc5 35. Nxc5 Nf4 36. Rab1 Rxb1 37. Rxb1 Rc7 38. Nb3 d3 39. g3 Ne2+ 40. Kg2 Kg7 41. Rd1 Rc3 42. Kf3 Nc1 43. Nxc1 d2+ 44. Nd3 Rxd3+ 45. Ke2 Rd7 46. Rxd2 Rxd2+ 47. Kxd2 Kf6 48. Ke3 Kf5 49. f3 a5 50. a4 h5 51. Kf2 Ke5 52. Ke3 g5 53. f4+ gxf4+ 54. gxf4+ Kf5 55. Kf3 h4 56. Kg2 Kxf4 57. Kh3 Ke4 58. Kxh4 Kd4 59. Kg3 Kc4 60. Kf3 Kb4 61. Ke2 Kxa4 62. Kd2 Kb3 63. Kc1 a4 1/2-1/2

[Event "Caplin Hastings Masters 2023-24"]
[Site "Hastings"]
[Date "2024.01.01"]
[Round "5.12"]
[White "Lux, Hugo de Melo"]
[Black "Boyer, Mahel"]
[Result "1-0"]
[ECO "C62"]
[WhiteElo "2311"]
[BlackElo "2427"]
[Annotator "RC"]
[PlyCount "115"]
[EventDate "2023.12.18"]
[EventType "swiss"]
[EventCountry "ENG"]
[SourceTitle "playchess.com"]
[Source "ChessBase"]
[SourceQuality "1"]
[TimeControl "40/6000+30:3000+30"]

1. e4 Nc6 2. Nf3 d6 3. d4 Nf6 4. Nc3 e5 5. Bb5 exd4 6. Nxd4 Bd7 7. Bxc6 bxc6 8. Qf3 Bg4 9. Qg3 c5 10. Nf5 Bxf5 11. exf5 Be7 12. O-O O-O 13. Bh6 Ne8 14. Nd5 Bh4 15. Qg4 Kh8 16. Bd2 c6 17. Nf4 Bf6 18. c3 Rb8 19. b3 Qd7 20. Nh5 g6 21. Nxf6 Nxf6 22. Qf3 gxf5 23. Rfe1 Rbe8 24. Bg5 Re6 25. Re3 Ne4 26. Qxf5 Nxg5 27. Qxg5 Rg8 28. Qf4 Rxe3 29. Qf6+ Rg7 30. fxe3 Qe6 31. Qxe6 fxe6 32. Rf1 Kg8 33. Rf6 Re7 34. g4 a5 35. Kg2 a4 36. bxa4 Ra7 37. Rxe6 Rxa4 38. Rxd6 Rxg4+ 39. Kf3 Rc4 40. Rxc6 Rxc3 41. h4 Ra3 42. Rxc5 Rxa2 43. Rf5 Kg7 44. h5 Kh6 45. e4 Ra3+ 46. Kf4 Ra4 47. Rb5 Ra1 48. Rf5 Ra4 49. Kf3 Ra3+ 50. Kg4 Ra4 51. Rf6+ Kg7 52. Kf5 h6 53. Rg6+ Kh7 54. e5 Rh4 55. e6 Rxh5+ 56. Kf6 Rh1 57. Kf7 Re1 58. Rf6 1-0

[Event "Caplin Hastings Masters 2023-24"]
[Site "Hastings"]
[Date "2024.01.01"]
[Round "5.13"]
[White "Edouard, Romain"]
[Black "Villiers, Thomas"]
[Result "1-0"]
[ECO "B30"]
[WhiteElo "2527"]
[BlackElo "2230"]
[Annotator "TA"]
[PlyCount "79"]
[EventDate "2023.12.18"]
[EventType "swiss"]
[EventCountry "ENG"]
[SourceTitle "playchess.com"]
[Source "ChessBase"]
[SourceQuality "1"]
[TimeControl "40/6000+30:3000+30"]

1. e4 c5 2. Nf3 Nc6 3. Bb5 e6 4. O-O Nge7 5. d4 cxd4 6. Nxd4 Qb6 7. Nxc6 {[%emt 0:00:39] B30: Sicilian: 2...Nc6 3 Bb5, lines without ...g6.} bxc6 8. Be2 d5 9. c4 {[%emt 0:00:37] [#]} (9. exd5 $14 cxd5 10. b3) 9... d4 $146 ({Predecessor:} 9... dxe4 10. Nc3 f5 11. Na4 Qc7 12. f3 exf3 13. Bxf3 Ng6 14. Bg5 Bd6 15. h4 h6 {1-0 Levi,N (2206)-Dvoirys,S (2452) ISR-chT Israel 2021 (4.3)}) 10. Bd3 c5 11. f4 Nc6 12. a3 Be7 13. e5 Bb7 14. Nd2 O-O-O (14... g6 $11) 15. Ne4 f5 16. exf6 gxf6 17. Qe2 {[%emt 0:02:13][%cal Ob2b4] White is more active.} Rhg8 18. Bd2 (18. Nxf6 $2 Bxf6 19. g3 (19. Bxh7 $2 Na5 $19) (19. Qxe6+ $2 Kb8 $19) 19... Na5 $19) (18. b4 $14) 18... Nb8 {[%emt 0:04:04] [#]} (18... Qxb2 $2 19. Rfb1 $18) (18... Rg6 $1 $11) 19. b4 Nd7 20. Rab1 f5 21. Ng5 {[%emt 0:00:30] aiming for bxc5.} (21. bxc5 Qc6 22. Ng5 Nxc5 $17) 21... h6 ({Black should try} 21... Rg6 $14) 22. Nf3 $2 (22. Nxe6 $2 Rxg2+ 23. Qxg2 Bxg2 24. Nxd8 Bxf1 25. Kxf1 Kxd8 $19) (22. bxc5 $18 Qc6 23. Rxb7 (23. Nxe6 Rxg2+ 24. Kh1 Rg1+ {[%mdl 64] Decoy} 25. Kxg1 Qh1+ 26. Kf2 Bh4#) 23... hxg5 24. Rxa7 (24. Rfb1 Bxc5 25. fxg5 Bb6 $16) 24... Bxc5 25. Ra5 gxf4 26. Rxf4 (26. Bxf4 e5 $15)) 22... Qc6 23. b5 Qd6 24. Rbe1 Rg6 {[%emt 0:01:36] [#]} 25. Bxf5 $1 exf5 26. Qxe7 Be4 (26... Rdg8 $11 {remains equal.} 27. Qxd6 Rxd6) 27. Rxe4 $1 $16 fxe4 28. Qxe4 {[%emt 0:00:03] f5 would be deadly.} Rdg8 $2 {[%emt 0:01:48][%mdl 8192] [#]} (28... Re6 $14 29. Qa8+ Qb8) 29. Nh4 $1 $18 Rg4 {[%emt 0:01:16] [#]} 30. Nf5 Rxg2+ 31. Kh1 $1 Qf6 (31... Qb6 $2 32. Ba5 Nf6 33. Qa8+ Kd7 34. Qxg2 (34. Bxb6 Rxa8 35. Bxc5 Rc2 $14) 34... Rxg2 35. Bxb6 $18) (31... Qc7 32. Qa8+ (32. Nxh6 R8g7 $14) 32... Nb8) 32. Ne7+ {[%emt 0:01:16] White is clearly winning.} (32. Qxg2 $2 {loses.} Rxg2 33. Kxg2 Qxf5 $19) 32... Qxe7 33. Qxe7 Rxd2 34. Qe6 Rgg2 35. Qc6+ Kd8 36. Qxg2 Rxg2 37. Kxg2 Nb6 38. Rc1 d3 39. Rc3 Nxc4 40. Rxd3+ {[%emt 0:00:00] Ingenious play by Edouard!   Weighted Error Value: White=0.21 (precise) /Black=0.47} (40. Rxc4 $2 {is the wrong capture.} d2 41. Kf3 d1=Q+ $19) 1-0

[Event "Caplin Hastings Masters 2023-24"]
[Site "Hastings"]
[Date "2024.01.01"]
[Round "5.14"]
[White "Mikhalevski, Victor"]
[Black "Boswell, Jacob Connor"]
[Result "1-0"]
[ECO "A13"]
[WhiteElo "2524"]
[BlackElo "2235"]
[Annotator "TA"]
[PlyCount "63"]
[EventDate "2023.12.18"]
[EventType "swiss"]
[EventCountry "ENG"]
[SourceTitle "playchess.com"]
[Source "ChessBase"]
[SourceQuality "1"]
[TimeControl "40/6000+30:3000+30"]

1. Nf3 d5 2. g3 Nf6 3. Bg2 c5 4. O-O e6 5. c4 d4 6. e3 Nc6 7. exd4 cxd4 8. d3 Bd6 {[%emt 0:00:32] A13: English Opening: 1...e6.} 9. Bg5 h6 10. Bxf6 Qxf6 {[%emt 0:00:28] White has an edge.} 11. Nbd2 O-O 12. Ne4 Qe7 13. Nxd6 Qxd6 14. Re1 e5 {[%emt 0:04:39] [#]} 15. b4 $1 {[%emt 0:01:05][%mdl 64] Deflection} Nxb4 16. Nxe5 Re8 {[%emt 0:05:03] [#]} 17. a3 $146 {[%emt 0:19:19] aiming for Qh5.} ({Predecessor:} 17. Qb3 Be6 18. a3 Nc6 19. Nxc6 bxc6 20. Qb4 Red8 21. Rab1 Rac8 22. Qa5 Qc7 23. Qc5 {½-½ Teclaf,P (2568)-Ohanyan,E (2405) EU-ch 23rd Vrnjacka Banja 2023 (2)}) 17... Nc2 {[%emt 0:31:11][%mdl 64] Discovered Attack} 18. Qxc2 Rxe5 19. Rxe5 Qxe5 20. Qd2 {[%emt 0:00:06] [#] And now Re1 would win.} Qc7 21. Qb2 Qb6 22. Qb4 {[%emt 0:08:35] White is more active.} Qd8 {[%emt 0:20:12] Repels c5} (22... Rb8 $16) 23. Re1 (23. Bxb7 $2 {too greedy.} Rb8 24. Bxc8 Rxb4 25. axb4 Qxc8 $19) 23... Bf5 (23... Rb8 $16) 24. Qxb7 $18 ({Less strong is} 24. Bxb7 Rb8 $14) 24... Rb8 25. Qxa7 ({Not} 25. Qf3 Qa5 26. Rd1 Qe5 $14) 25... Bxd3 26. Bd5 Rb6 $2 (26... Bg6 27. Qxd4 Rc8) 27. Qxf7+ Kh7 28. Re7 Rb1+ 29. Kg2 Bf1+ 30. Kf3 Rb3+ 31. Kg4 Qc8+ 32. Be6 {[%emt 0:00:09] Weighted Error Value: White=0.02 (flawless) /Black=0.63} 1-0

[Event "Caplin Hastings Masters 2023-24"]
[Site "Hastings"]
[Date "2024.01.01"]
[Round "5.15"]
[White "Hng, Mei-Xian Eunice"]
[Black "Sengupta, Deep"]
[Result "0-1"]
[ECO "A50"]
[WhiteElo "2014"]
[BlackElo "2501"]
[Annotator "TA"]
[PlyCount "58"]
[EventDate "2023.12.18"]
[EventType "swiss"]
[EventCountry "ENG"]
[SourceTitle "playchess.com"]
[Source "ChessBase"]
[SourceQuality "1"]
[TimeControl "40/6000+30:3000+30"]

1. Nf3 Nf6 2. c4 b6 3. g3 Bb7 4. Bg2 g6 5. O-O Bg7 6. d4 O-O 7. Nc3 Ne4 8. Qc2 Nxc3 9. bxc3 Nc6 {[%emt 0:03:37] A50: Queen's Fianchetto Defence (1 d4 Nf6 2 c4 b6).} 10. e4 Ba6 11. Qa4 Na5 {[%emt 0:01:30] Black is slightly better.} 12. Nd2 c5 13. Bb2 d6 {[%emt 0:04:40] [#]} 14. Bh3 $146 ({Predecessor:} 14. Rfd1 Qe8 15. Qxe8 Rfxe8 16. Bf1 cxd4 17. cxd4 Rac8 18. Rac1 Rc7 19. Rc2 e6 20. a4 {½-½ Terzic,S (2222)-Dizdarevic,E (2509) Zenica 19th 2016 (5)}) 14... e6 15. Nb3 Qe8 ({Reject} 15... Bxc4 $6 16. Nxa5 Bxf1 17. Nc6 Bxh3 18. Nxd8 Rfxd8 19. f3 $11) (15... Nxc4 $2 16. Qxa6 b5 17. Rfb1 $18) 16. Qxe8 Rfxe8 17. Nxa5 bxa5 18. dxc5 dxc5 19. Rfc1 Bxc4 20. Ba3 Rac8 {[%emt 0:00:57] Black is more active.} 21. Rab1 (21. Bf1 $142 Bxf1 22. Kxf1) 21... a4 $17 22. Rb2 Rb8 23. Rxb8 Rxb8 24. Bxc5 (24. Ra1 {is the only way for White.}) 24... Bxa2 $19 25. Bxa7 Rb1 26. Be3 Bxc3 {[%emt 0:00:31] Strongly threatening ...a3.} 27. Rxb1 $2 {[%emt 0:00:46] [#]} (27. Kg2 Rxc1 28. Bxc1) 27... Bxb1 {[%emt 0:00:03] Black is clearly winning.} 28. Bc1 {[%emt 0:00:21] Against a3} Bxe4 29. Ba3 Bg7 {[%emt 0:00:22] White got outplayed after the opening.   Weighted Error Value: White=0.43/Black=0.04 (flawless)} 0-1

[Event "Caplin Hastings Masters 2023-24"]
[Site "Hastings"]
[Date "2024.01.01"]
[Round "5.16"]
[White "Juknis, Paulius"]
[Black "Gormally, Daniel W"]
[Result "1-0"]
[ECO "B51"]
[WhiteElo "2148"]
[BlackElo "2442"]
[Annotator "RC"]
[PlyCount "79"]
[EventDate "2023.12.18"]
[EventType "swiss"]
[EventCountry "ENG"]
[SourceTitle "playchess.com"]
[Source "ChessBase"]
[SourceQuality "1"]
[TimeControl "40/6000+30:3000+30"]

1. e4 c5 2. Nf3 d6 3. Bb5+ Nd7 4. c3 Ngf6 5. Qe2 e6 6. d4 a6 7. Bd3 b5 8. O-O Bb7 9. a4 b4 10. cxb4 cxd4 11. Nxd4 Ne5 12. Nc3 d5 13. exd5 Nxd3 14. Qxd3 Nxd5 15. b5 Nb4 16. Qd2 Be7 17. bxa6 Rxa6 18. Ndb5 Qb8 19. Qe2 O-O 20. Be3 e5 21. f3 Rg6 22. Kh1 Qc8 23. Rad1 h5 24. Bg1 h4 25. h3 Qe6 26. Nc7 Qb3 27. Qxe5 Bf6 28. Qe2 Bxc3 29. bxc3 Nd5 30. Nxd5 Bxd5 31. Qd2 Bc4 32. Rfe1 Qxa4 33. Re4 Re6 34. Rxh4 Qc6 35. Bd4 f6 36. Qc2 f5 37. Qd2 Rg6 38. Re1 Ra8 39. Qf4 Be6 40. Rh5 1-0